 Dungeon Crawl Stone Soup version 0.24-a0-537-g2d01d4ab0a (webtiles) character file.

Game seed: 7468758959168622129

5567 Mithandil the Blocker (level 10, -3/88 HPs)
             Began as a Minotaur Fighter on Aug 16, 2019.
             Was a Follower of the Shining One.
             Slain by an eight-headed hydra (5 damage)
             ... on level 10 of the Dungeon.
             The game lasted 00:42:21 (6647 turns).

Mithandil the Blocker (Minotaur Fighter)            Turns: 6647, Time: 00:42:21

Health: -3/88      AC: 15    Str: 29    XL:     10   Next: 44%
Magic:  10/10      EV:  8    Int:  5    God:    the Shining One [*.....]
Gold:   364        SH: 19    Dex: 17    Spells: 11/11 levels left

rFire    + . .     SeeInvis .   b - +4 spear of Precise Incision {freeze, rN+ Dex+2}
rCold    . . .     Gourm    .   H - +0 large shield
rNeg     + . .     Faith    .   o - +0 plate armour {rF+}
rPois    .         Spirit   .   (helmet restricted)
rElec    .         Reflect  .   (no cloak)
rCorr    .         Harm     .   w - +1 pair of gloves
MR       .....                  (no boots)
Stlth    ..........             k - amulet of regeneration
HPRegen  0.64/turn              g - ring of wizardry
MPRegen  0.12/turn              i - +5 ring of dexterity

@: mighty, glowing
A: retaliatory headbutt, horns 2
a: Renounce Religion


You were on level 10 of the Dungeon.
You worshipped the Shining One.
The Shining One was aware of your devotion.
You were not hungry.

You visited 1 branch of the dungeon, and saw 11 of its levels.
You also visited: Ossuary.

You collected 488 gold pieces.
You spent 124 gold pieces at shops.

Inventory:

Hand Weapons
 a - a +1 broad axe
 b - the +4 spear of Precise Incision (weapon) {freeze, rN+ Dex+2}
   (You found it on level 6 of the Dungeon)

   It has been specially enchanted to freeze those struck by it, causing extra
   injury to most foes and up to half again as much damage against particularly
   susceptible opponents.
   It can also slow down cold-blooded creatures.
   It affects your dexterity (+2).
   It protects you from negative energy.
 m - a +1 flail of protection
 r - a +0 hunting sling
 t - a +1 war axe
 x - a +3 flail
 z - a +1 spear of piercing
Missiles
 e - 111 bolts
 n - 11 boomerangs (quivered)
 q - 24 poisoned darts
 s - 81 sling bullets
Armour
 l - a +2 scale mail of cold resistance
 o - a +0 plate armour of fire resistance (worn)
 w - a +1 pair of gloves (worn)
 H - a +0 large shield (worn)
Jewellery
 g - a ring of wizardry (left hand)
 i - a +5 ring of dexterity (right hand)
 k - an amulet of regeneration (around neck)
 p - an uncursed amulet of magic regeneration
Wands
 y - a wand of flame (16)
Scrolls
 h - 3 scrolls of remove curse
 j - 4 scrolls of teleportation
 v - 10 scrolls of identify
 A - a scroll of enchant weapon
 I - a scroll of silence
Potions
 d - 2 potions of might
 u - a potion of heal wounds
 B - 5 potions of curing
 C - a potion of lignification {unknown}
 E - a potion of flight
 J - a potion of berserk rage
Comestibles
 c - 2 chunks of flesh
 f - 20 rations


   Skills:
 + Level 7.9 Fighting
 * Level 10.3 Axes
 + Level 7.8 Armour
 + Level 6.2 Dodging
 * Level 10.5 Shields
 - Level 1.1 Spellcasting


You had 11 spell levels left.
You didn't know any spells.
Your spell library contained the following spells:

 Spells                   Type           Power        Failure   Level  Hunger
 Confusing Touch          Hex            #.....       100%        1    ##.....
 Confuse                  Hex            #.......     100%        3    ####...
 Gell's Gravitas          Tloc           #.........   100%        3    ####...
 Petrify                  Tmut/Erth      #.......     100%        4    #####..
 Metabolic Englaciation   Hex/Ice        #.........   100%        5    ######.
 Yara's Violent Unravell  Hex/Tmut       #.........   100%        5    ######.


Dungeon Overview and Level Annotations

Branches:
Dungeon (11/15)            Temple (0/1) D:7
   Lair: D:8-11         Orc: D:9-12

Altars:
Cheibriados
Trog
Xom
The Shining One

Shops:
D:5 *!

Annotations:
D:6 2 transporters, Napalmbreeze's ghost, novice HOFi
D:9 Harold


Innate Abilities, Weirdness & Mutations

You reflexively headbutt those who attack you in melee.
You have a pair of horns on your head.


Message History

The eight-headed hydra is moderately wounded.
The eight-headed hydra bites you but does no damage.
The eight-headed hydra bites you. The eight-headed hydra bites you!
* * * LOW HITPOINT WARNING * * *
The eight-headed hydra bites you.
* * * LOW HITPOINT WARNING * * *
The eight-headed hydra bites you but does no damage. x3
You block the eight-headed hydra's attack.
You puncture the eight-headed hydra! You freeze the eight-headed hydra.
You headbutt the eight-headed hydra!
The eight-headed hydra is almost dead.
You block the eight-headed hydra's attack. x2
The eight-headed hydra closely misses you.
The eight-headed hydra bites you!
* * * LOW HITPOINT WARNING * * *
The eight-headed hydra bites you.
* * * LOW HITPOINT WARNING * * *
The eight-headed hydra bites you but does no damage.
The eight-headed hydra bites you.
You die...

####+####
#.......#
+.......#
#..>....#
#.......#
#.......+
#.<...D@#
#.......#
#.......#
#.......#
#########


You could see an eight-headed hydra.

Vanquished Creatures
  2 two-headed ogres (D:11)
  A centaur zombie (D:11)
  A troll (D:11)
  A hornet (D:11)
  Prince Ribbit (D:5)
  A hippogriff (D:11)
  Eustachio (D:6)
  A water moccasin (D:8)
  3 orc warriors
  2 sky beasts
  3 ogres
  An ice beast (D:9)
  2 phantoms (D:6)
  A centaur (D:9)
  The ghost of Silenceoftheyaks the Grave Robber, an amateur DsNe (D:3)
  A big kobold (D:7)
  A bullfrog (D:11)
  A gnoll sergeant (D:8)
  A water moccasin zombie (D:5)
  4 killer bees (D:11)
  3 howler monkeys (D:9)
  A crimson imp (D:6)
  2 bullfrog zombies
  4 orc priests
  2 hounds
  9 orc wizards
  A centaur skeleton (D:5)
  2 iguanas
  4 worker ants
  A killer bee zombie (D:7)
  2 hound zombies
  3 hound skeletons
  8 mummies (Ossuary)
  Robin (D:2)
  4 adders
  9 gnolls
  An ooze (D:4)
  An adder skeleton (D:6)
  3 worms
  4 dart slugs
  6 leopard geckos
  52 orcs
  2 giant cockroaches
  A gnoll zombie (Ossuary)
  16 goblins
  4 hobgoblins
  2 jackals (D:1)
  3 quokkas
  9 bats
  7 frilled lizards
  6 hobgoblin zombies (Ossuary)
  7 kobolds
  A kobold zombie (Ossuary)
  A quokka skeleton (D:6)
  A quokka zombie (D:6)
  10 rats
  A rat zombie (D:6)
224 creatures vanquished.

Vanquished Creatures (collateral kills)
  A hound (D:6)
  A worker ant (D:6)
  A hound skeleton (D:6)
  3 orcs (D:6)
6 creatures vanquished.

Grand Total: 230 creatures vanquished

Notes
Turn   | Place    | Note
-------+----------+-------------------------------------------
     0 | D:1      | Mithandil the Minotaur Fighter began the quest for the Orb.
     0 | D:1      | Reached XP level 1. HP: 19/19 MP: 0/0
   104 | D:2      | Reached XP level 2. HP: 21/27 MP: 1/1
   578 | D:1      | Reached XP level 3. HP: 31/33 MP: 2/2
  1017 | D:2      | HP: 1/33 [orc priest/+0 flail (5)]
  1018 | D:2      | Reached skill level 1 in Dodging
  1018 | D:2      | Reached XP level 4. HP: 2/40 MP: 3/3
  1486 | D:2      | Noticed Robin
  1507 | D:2      | Killed Robin
  1507 | D:2      | Reached XP level 5. HP: 39/46 MP: 4/4
  1831 | D:3      | Found a shimmering altar of Xom.
  1831 | D:3      | Found a shimmering altar of Xom.
  1832 | D:3      | Found a shimmering altar of Xom.
  1832 | D:3      | Found a shimmering altar of Xom.
  1832 | D:3      | Found a shimmering altar of Xom.
  1832 | D:3      | Found a shimmering altar of Xom.
  1834 | D:3      | Found a shimmering altar of Xom.
  1984 | D:4      | Reached skill level 5 in Shields
  2027 | D:5      | Entered Level 5 of the Dungeon
  2034 | D:5      | Found Zeogem's Distillery.
  2042 | D:5      | Bought a potion of heal wounds for 70 gold pieces
  2308 | D:3      | Found a runed translucent gate.
  2308 | D:3      | Found a runed translucent gate.
  2309 | D:3      | Found a runed translucent gate.
  2309 | D:3      | Noticed Silenceoftheyaks's ghost (amateur DsNe)
  2324 | D:3      | Killed Silenceoftheyaks's ghost
  2324 | D:3      | Reached XP level 6. HP: 32/53 MP: 5/5
  2410 | D:3      | You fall into a shaft and drop 1 floor!
  3037 | D:4      | Found a snail-covered altar of Cheibriados.
  3127 | D:4      | Reached skill level 5 in Axes
  3671 | D:5      | Reached XP level 7. HP: 59/60 MP: 6/6
  3778 | D:5      | Reached skill level 5 in Armour
  3806 | D:5      | Found Poenis's Assorted Antiques.
  3816 | D:5      | Bought a scroll of identify for 54 gold pieces
  3886 | D:6      | Found a bloodstained altar of Trog.
  3933 | D:6      | Reached skill level 5 in Fighting
  3996 | D:6      | Got a crystal spear
  4048 | D:6      | Found a sand-covered staircase.
  4055 | Ossuary  | Entered an ossuary
  4634 | D:5      | Reached XP level 8. HP: 69/69 MP: 7/7
  4677 | D:5      | Noticed a moth of wrath
  4719 | D:5      | Found a bloodstained altar of Trog.
  5006 | D:5      | Noticed Prince Ribbit
  5026 | D:5      | Killed Prince Ribbit
  5422 | D:6      | Noticed Eustachio
  5433 | D:6      | Killed Eustachio
  5433 | D:6      | Reached skill level 1 in Spellcasting
  5468 | D:6      | Found a glowing golden altar of the Shining One.
  5472 | D:6      | Became a worshipper of the Shining One
  5519 | D:6      | Found a transporter.
  5530 | D:6      | Noticed Napalmbreeze's ghost (novice HOFi)
  5544 | D:6      | Found a transporter.
  5558 | D:6      | Identified the +7 dire flail "Jowaesch" {crush, rElec rPois
                  | MP+9}
  5558 | D:6      | Noticed a two-headed ogre
  5772 | D:7      | Found a staircase to the Ecumenical Temple.
  5872 | D:7      | Reached XP level 9. HP: 77/77 MP: 9/9
  5994 | D:8      | Reached * piety under the Shining One
  6023 | D:8      | Identified the +4 spear of Precise Incision {freeze, rN+
                  | Dex+2} (You found it on level 6 of the Dungeon)
  6067 | D:9      | Reached skill level 5 in Dodging
  6097 | D:9      | Noticed Harold
  6150 | D:10     | Entered Level 10 of the Dungeon
  6256 | D:11     | Noticed a two-headed ogre
  6262 | D:11     | Killed a two-headed ogre
  6337 | D:11     | Noticed a two-headed ogre
  6344 | D:11     | Killed a two-headed ogre
  6344 | D:11     | Reached skill level 10 in Shields
  6344 | D:11     | Reached XP level 10. HP: 67/86 MP: 10/10
  6411 | D:11     | Reached skill level 10 in Axes
  6589 | D:11     | Noticed a seven-headed hydra
  6647 | D:10     | HP: 2/88 [eight-headed hydra (5)]
  6647 | D:10     | Slain by an eight-headed hydra

Levels and vault maps discovered:
D:1:      nicolae_arrival_somewhat_less_tricky_arrival, layout_loops_ring,
          supply_closet_lemuel
D:2:      cheibrodos_pilgrimage, layout_loops_ring, uniq_robin
D:3:      layout_loops_ring, xom_redecorated, ebering_ghost_rock_garden
D:4:      layout_gridville, lemuel_coloured_pillars_altar, first_ration,
          minmay_misc_feat_secret_circle, minmay_misc_feat_pillars,
          dk_vineyard_1
D:5:      layout_basic, serial_shops, shop, shop_fountains, tgw_trog,
          uniq_prince_ribbit1
D:6:      layout_basic, nicolae_tso_carved_into_rock, lemuel_round_altar,
          enter_ossuary_4, gammafunk_ghost_smash, uniq_eustachio
D:7:      layout_loops_corners, nemelex_xobeh_ov_fountains_minmay,
          minmay_temple_entry_glass, uniq_duvessa
D:8:      corexii_shack_village, layout_rooms, erik_lair_orcish_takeover
D:9:      statuecave_lemuel, layout_rooms, lemuel_crystal_altar,
          hiddenorc1_lemuel, ebering_ghost_disaster_area, uniq_harold,
          uniq_psyche
D:10:     layout_roguey, grunt_pizzeria
D:11:     layout_irregular_city, enter_bailey_7

Skill      XL: |  1  2  3  4  5  6  7  8  9 10 |
---------------+-------------------------------+-----
Shields        | 4 5 6 8 10 | 10.5
Axes           | 3 4 5 6 8 9 10 | 10.3
Fighting       | 4 5 6 7 |  7.9
Armour         | 4 5 6 7 |  7.8
Dodging        | 1 2 3 4 5 6 |  6.2
Spellcasting   | 1 |  1.1

Action                   |  1- 3 |  4- 6 |  7- 9 | 10-12 || total
-------------------------+-------+-------+-------+-------++-------
Melee: War axe           |    60 |   133 |       |       ||   193
       Headbutt          |     5 |    18 |    69 |    11 ||   103
       Spear             |     1 |       |       |     6 ||     7
       Broad axe         |       |       |   273 |    38 ||   311
Throw: Boomerang         |       |       |     4 |       ||     4
       Dart              |       |       |     1 |       ||     1
  Use: Potion            |     1 |     4 |     2 |     2 ||     9
       Scroll            |     1 |     5 |     9 |       ||    15
  Eat: Chunk             |       |     5 |     8 |       ||    13
       Ration            |       |     1 |     1 |       ||     2
Armor: Scale mail        |    25 |    49 |    48 |       ||   122
       Plate armour      |       |       |    46 |    55 ||   101
Dodge: Dodged            |    31 |    53 |    71 |    20 ||   175
Block: Shield            |    49 |    89 |    52 |       ||   190
       Large shield      |       |       |   205 |    84 ||   289

Table legend:
 A = Non-vault XP
 B = Vault XP
 C = Vault XP percentage of total XP
 D = Non-vault monster count
 E = Vault monster count
 F = Vault count percentage of total count
                 A         B        C        D         E       F
            +---------+---------+-------+---------+---------+-------
      Total |    6868 |    1086 |  13.7 |     171 |      59 |  25.7
            +---------+---------+-------+---------+---------+-------
        D:1 |      30 |       0 |   0.0 |      20 |       0 |   0.0
        D:2 |      47 |     123 |  72.4 |      16 |      16 |  50.0
        D:3 |      16 |     106 |  86.9 |       8 |       1 |  11.1
        D:4 |     367 |       0 |   0.0 |      21 |       0 |   0.0
        D:5 |     660 |     283 |  30.0 |      22 |       6 |  21.4
        D:6 |     770 |     199 |  20.5 |      33 |       3 |   8.3
        D:7 |     172 |       0 |   0.0 |       8 |       0 |   0.0
        D:8 |     515 |       0 |   0.0 |      10 |       0 |   0.0
        D:9 |     574 |     218 |  27.5 |      12 |      17 |  58.6
       D:11 |    3717 |       0 |   0.0 |      21 |       0 |   0.0
    Ossuary |       0 |     157 | 100.0 |       0 |      16 | 100.0
            +---------+---------+-------+---------+---------+-------
